 Dungeon Crawl Stone Soup version 0.20-a0-772-g73021bd (webtiles) character file.

144 polly the Slasher (level 5, -1/42 HPs)
             Began as a Draconian Skald on Feb 26, 2017.
             Slain by an orc
             ... wielding a +0 trident
              (7 damage)
             ... on level 3 of the Dungeon.
             The game lasted 00:02:44 (1691 turns).

polly the Slasher (Draconian Skald)                 Turns: 1691, Time: 00:02:46

Health: -1/42      AC:  7    Str: 14    XL:     5   Next: 5%
Magic:  8/8        EV: 14    Int: 13    God:
Gold:   154        SH:  0    Dex: 11    Spells: 8/9 levels left

rFire    . . .     SeeInvis .   a - +0 falchion
rCold    + . .     Gourm    .   (armour unavailable)
rNeg     . . .     Faith    .   (no shield)
rPois    .         Spirit   .   (helmet restricted)
rElec    .         Reflect  .   r - scarf {rC+}
rCorr    .         Harm     .   (no gloves)
MR       .....                  q - +1 pair of boots
Stlth    ++........             (no amulet)
Regen    0.2/turn               (no ring)
MPRegen  0.2/turn               g - +1 ring of evasion

@: no status effects
A: unfitting armour, cold-blooded, AC +5
a: no special abilities


You were on level 3 of the Dungeon.
You were not hungry.

You visited 1 branch of the dungeon, and saw 3 of its levels.

You collected 154 gold pieces.

Inventory:

Hand Weapons
 a - a +0 falchion (weapon)
Missiles
 s - 5 javelins (quivered)
Armour
 q - a +1 pair of boots (worn)
 r - a scarf of cold resistance (worn)
Jewellery
 g - a +1 ring of evasion (left hand)
 v - an uncursed amulet of the gourmand {unknown}
Scrolls
 d - 2 scrolls of noise {unknown}
 i - 3 scrolls of teleportation {unknown}
 j - 3 scrolls of identify {unknown}
 l - 3 scrolls of remove curse {unknown}
 m - a scroll of blinking {unknown}
 o - a scroll of recharging {unknown}
Potions
 e - 3 potions of magic
 h - a potion of lignification {unknown}
 k - 2 potions of degeneration {unknown}
 n - a potion of curing
 t - a potion of flight {unknown}
 u - a potion of mutation {unknown}
 w - a potion of cancellation {unknown}
Books
 b - a book of Battle

   Spells                             Type                      Level
   a - Infusion                       Charms                       1
   b - Shroud of Golubria             Charms/Translocation         2
   c - Song of Slaying                Charms                       2
   d - Spectral Weapon                Hexes/Charms                 3
   e - Regeneration                   Charms/Necromancy            3
Comestibles
 c - 3 bread rations
 f - a meat ration
 p - 6 fruits


   Skills:
 + Level 2.7 Fighting
 + Level 3.5 Long Blades
 + Level 2.8 Dodging
 + Level 1.2 Stealth
 + Level 2.5 Spellcasting
 + Level 3.0 Charms


You had 8 spell levels left.
You knew the following spells:

 Your Spells              Type           Power        Failure   Level  Hunger
a - Infusion              Chrm           #...         10%         1    #......


Dungeon Overview and Level Annotations

Branches:
Dungeon (3/15)

Altars:
Fedhas
Gozag


Innate Abilities, Weirdness & Mutations

Your plain brown scales are hard. (AC +5)
You cannot fit into any form of body armour.
You are cold-blooded and may be slowed by cold attacks.


Message History

It was a potion of curing.
You feel better. The orc wizard closely misses you. The orc closely misses you.
You slash the orc wizard!
The orc wizard is almost dead.
The orc wizard mumbles some strange words.
The orc wizard blinks!
The orc hits you but does no damage.
You hit the orc but do no damage.
Your tail-slap misses the orc.
The orc is severely wounded.
The orc hits you with a trident.
You barely miss the orc.
The orc is severely wounded.
The orc wizard points at you and mumbles some strange words.
You resist with some effort. The orc misses you.
You barely miss the orc wizard.
The orc wizard is almost dead.
The orc wizard points at you and mumbles some strange words.
The magic dart hits you!
* * * LOW HITPOINT WARNING * * *
The orc hits you with a trident!
You die...

############
#.......... #
#.........# #
#.........# #
#.........### #
#...........# #
#......o..# #
#..####o#...... #
#.. #@# #.### #
#..####o# # #
#.......# #
#####.......####
.###.#
........>........
......
####.#.#########
.....#
.#####.#.##########
....
.........##.......#
.##
######.#.##.#####.#


You could see an orc wizard and 2 orcs.

Vanquished Creatures
  A hound (D:3)
  A hound skeleton (D:3)
  Robin (D:2)
  2 adders
  2 worms (D:2)
  2 dart slugs
  A leopard gecko (D:2)
  An orc (D:3)
  2 bats
  A giant cockroach (D:1)
  16 goblins
  4 hobgoblins
  6 jackals
  3 ball pythons
  4 frilled lizards
  6 kobolds
  9 rats
62 creatures vanquished.

Notes
Turn   | Place    | Note
-------+----------+-------------------------------------------
     0 | D:1      | polly the Draconian Skald began the quest for the Orb.
     0 | D:1      | Reached XP level 1. HP: 17/17 MP: 3/3
   228 | D:1      | Reached XP level 2. HP: 17/24 MP: 5/5
   647 | D:2      | Found an opulent altar of Gozag.
   652 | D:2      | Found a blossoming altar of Fedhas.
   734 | D:2      | Reached XP level 3. HP: 29/30 MP: 6/6
   855 | D:2      | Noticed Robin
   928 | D:2      | Killed Robin
  1000 | D:2      | Reached XP level 4. HP: 29/37 MP: 7/7
  1623 | D:3      | Reached skill level 1 in Stealth
  1623 | D:3      | Reached XP level 5. HP: 36/42 MP: 8/8
  1691 | D:3      | Slain by an orc

Vault maps used:
D:1:      dpeg_arrival_houses_and_road, minivault_5, minmay_tripent
D:2:      kennysheep_goblin_castle, chequers_temple_overflow_statue_of_worship,
          solitary_fountain
D:3:      minmay_stone_trees_small, cheibrodos_gnoll_hut

Skill      XL: |  1  2  3  4 |
---------------+-------------+-----
Charms         | 3 |  3.0
Long Blades    | 3 |  3.5
Stealth        | 1 |  1.2
Fighting       | |  2.7
Dodging        | |  2.8
Spellcasting   | |  2.5

Action                   |  1- 3 |  4- 6 || total
-------------------------+-------+-------++-------
Melee: Falchion          |   131 |    94 ||   225
       Tailslap          |    16 |    17 ||    33
 Cast: Infusion          |     1 |       ||     1
  Use: Potion            |       |     2 ||     2
 Stab: Sleeping          |     2 |     3 ||     5
  Eat: Chunk             |       |     3 ||     3
Armor: Skin              |    50 |    44 ||    94
Dodge: Dodged            |   109 |    59 ||   168
       Rpst.: Falchion   |    37 |    15 ||    52
